 Dungeon Crawl Stone Soup version 0.21.0-24-g2553a33 (webtiles) character file.

1525 Faca the Grappler (level 8, -1/63 HPs)
             Began as a Ghoul Monk on Jan 19, 2018.
             Was a Follower of Makhleb.
             Slain by an orc
             ... wielding a +0 hand axe
              (2 damage)
             ... on level 6 of the Dungeon.
             The game lasted 00:13:01 (4946 turns).

Faca the Grappler (Ghoul Monk)                      Turns: 4946, Time: 00:13:02

Health: -1/63      AC:  9    Str: 17    XL:     8   Next: 84%
Magic:  8/8        EV: 11    Int:  5    God:    Makhleb [*.....]
Gold:   320        SH:  0    Dex: 11    Spells: 7/7 levels left

rFire    . . .     SeeInvis +     - Unarmed
rCold    + + .     Gourm    .   (no shield)
rNeg     + + +     Faith    .   e - +0 ring mail
rPois    ∞         Spirit   .   h - +1 helmet
rElec    .         Reflect  .   F - +1 cloak
rCorr    .         Harm     .   (no gloves)
MR       .....                  (no boots)
Stlth    +.........             (no amulet)
HPRegen  0.00/turn              p - ring of see invisible
MPRegen  0.11/turn              g - ring of protection from cold

@: rotting
A: rotting body, claws 1, carnivore, cold resistance 1, negative energy
resistance 3, inhibited regeneration, torment resistance, unbreathing
a: Renounce Religion


You were on level 6 of the Dungeon.
You worshipped Makhleb.
Makhleb was aware of your devotion.
You were not hungry.

You visited 2 branches of the dungeon, and saw 7 of its levels.

You collected 320 gold pieces.

Inventory:

Missiles
 a - 8 javelins
 j - 2 tomahawks (quivered)
Armour
 e - a +0 ring mail (worn)
 h - a +1 helmet (worn)
 i - a +0 plate armour
 t - a +0 chain mail
 F - a +1 cloak (worn)
Jewellery
 g - a ring of protection from cold (right claw)
 p - a ring of see invisible (left claw)
Wands
 v - a wand of iceblast (11)
Scrolls
 c - 4 scrolls of remove curse
 q - 2 scrolls of amnesia
 r - a scroll of enchant weapon
Potions
 d - 2 potions of berserk rage {unknown}
 f - a potion of might
 k - a potion of resistance {unknown}
 l - 2 potions of magic
 n - 2 potions of brilliance
 o - a potion of invisibility {unknown}
 x - 2 potions of heal wounds {unknown}
 z - a potion of ambrosia {unknown}
 A - a potion of cancellation
Books
 s - a book of Necromancy

   Spells                             Type                      Level
   a - Pain                           Necromancy                   1
   b - Animate Skeleton               Necromancy                   1
   c - Vampiric Draining              Necromancy                   3
   d - Regeneration                   Charms/Necromancy            3
   e - Animate Dead                   Necromancy                   4
   f - Borgnjor's Vile Clutch         Necromancy/Earth             5
Comestibles
 b - 14 rations


   Skills:
 - Level 3.2 Fighting
 - Level 2.6 Dodging
 - Level 2.1 Stealth
 * Level 11.8 Unarmed Combat
 + Level 1.5 Invocations


You had 7 spell levels left.
You didn't know any spells.

Dungeon Overview and Level Annotations

Branches:
Dungeon (6/15)             Temple (1/1) D:5

Altars:
Dithmenos
Fedhas
Gozag
Kikubaaqudgha
Makhleb
Nemelex Xobeh
Qazlal
Sif Muna
Uskayaw
Vehumet
Wu Jian
Yredelemnul
Zin

Shops:
D:5 **:}


Innate Abilities, Weirdness & Mutations

Your body is rotting away.
You thrive on raw meat.
You are immune to poison.
You have sharp fingernails.
You are carnivorous and can eat meat at any time.
Your flesh is cold resistant. (rC+)
You are immune to negative energy. (rN+++)
You do not regenerate when monsters are visible.
You are immune to unholy pain and torment.
You can survive without breathing.


Message History

Your ring mail prevents you from hitting the iguana.
The iguana is almost dead.
The iguana bites you.
* * * LOW HITPOINT WARNING * * *
The orc hits you but does no damage.
Okay, then.
You barely miss the iguana.
The iguana is almost dead.
The iguana barely misses you. The orc barely misses you.
You claw the iguana!
You kill the iguana!
Makhleb accepts your kill.
You feel better. The orc misses you. x2
The orc priest calls down the wrath of Beogh upon you.
Beogh smites you!
* * * LOW HITPOINT WARNING * * *
You scratch the orc.
The orc is almost dead.
The orc barely misses you. The orc hits you with a hand axe.
You die...

#######.# ....... #
#.# #....# #.# #....#
#.#+##....#
...#####.........####
.....................
..######.............
#.####.o..#.. #.#
#@o..# ####+####o†.$#
.........o...#
.............#
......†...####
..........#
.....!......
.............
.............(.


You could see an orc priest and 3 orcs.

Vanquished Creatures
  Grinder (D:5)
  The ghost of deifeln the Cudgeler, an amateur HuBe of Trog (D:3)
  4 ogres
  A phantom (D:5)
  The ghost of Zeldest the Slasher, an amateur MfMo (D:4)
  A big kobold (D:4)
  3 scorpions
  An orc priest (D:4)
  Crazy Yiuf (D:4)
  A jelly (D:5)
  Ijyb (D:3)
  2 iguanas
  Terence (D:3)
  5 worker ants
  7 adders
  A worm (D:2)
  4 dart slugs
  5 leopard geckos
  3 orcs
  3 giant cockroaches
  9 goblins
  8 hobgoblins
  6 jackals (D:2)
  2 quokkas
  8 bats
  9 frilled lizards
  5 kobolds
  A quokka zombie (D:6)
  12 rats
107 creatures vanquished.

Vanquished Creatures (others)
  2 hobgoblins (D:3)
  A rat (D:3)
3 creatures vanquished.

Grand Total: 110 creatures vanquished

Notes
Turn   | Place    | Note
-------+----------+-------------------------------------------
     0 | D:1      | Faca the Ghoul Monk began the quest for the Orb.
     0 | D:1      | Reached XP level 1. HP: 19/19 MP: 0/0
    97 | D:1      | Reached XP level 2. HP: 26/26 MP: 1/1
   168 | D:1      | Reached skill level 4 in Unarmed Combat
   686 | D:1      | Reached XP level 3. HP: 29/31 MP: 2/2
  1245 | D:2      | Reached skill level 5 in Unarmed Combat
  1310 | D:2      | Reached XP level 4. HP: 37/38 MP: 3/3
  1625 | D:2      | Reached skill level 6 in Unarmed Combat
  1878 | D:2      | Reached XP level 5. HP: 45/45 MP: 4/4
  1998 | D:2      | You fall through a shaft for 2 floors!
  2156 | D:3      | Noticed deifeln's ghost (amateur HuBe)
  2238 | D:3      | Noticed Terence
  2247 | D:3      | Killed Terence
  2298 | D:3      | Noticed Ijyb
  2311 | D:3      | Killed Ijyb
  2311 | D:3      | Reached skill level 7 in Unarmed Combat
  2400 | D:3      | Killed deifeln's ghost
  2400 | D:3      | Reached XP level 6. HP: 46/51 MP: 5/5
  2558 | D:3      | Found an ornate altar of the Wu Jian Council.
  2702 | D:3      | Found a radiant altar of Vehumet.
  2899 | D:4      | Reached skill level 8 in Unarmed Combat
  2969 | D:4      | Noticed Zeldest's ghost (amateur MfMo)
  2987 | D:4      | Killed Zeldest's ghost
  2987 | D:4      | Reached XP level 7. HP: 26/57 MP: 6/6
  3193 | D:4      | Reached skill level 9 in Unarmed Combat
  3305 | D:4      | Found a sparkling altar of Nemelex Xobeh.
  3341 | D:4      | Found a shadowy altar of Dithmenos.
  3433 | D:4      | Found a runed door.
  3437 | D:4      | Noticed Crazy Yiuf
  3441 | D:4      | Killed Crazy Yiuf
  3527 | D:4      | Reached skill level 10 in Unarmed Combat
  3527 | D:4      | Reached XP level 8. HP: 5/62 MP: 7/7
  3875 | D:5      | Entered Level 5 of the Dungeon
  3875 | D:5      | Noticed Grinder
  3885 | D:5      | Killed Grinder
  3891 | D:5      | Reached skill level 11 in Unarmed Combat
  4104 | D:5      | Found Xenommu's General Store.
  4112 | D:5      | Found Uxter's General Store.
  4167 | D:5      | Found a staircase to the Ecumenical Temple.
  4179 | Temple   | Entered the Ecumenical Temple
  4263 | Temple   | Became a worshipper of Makhleb the Destroyer
  4263 | Temple   | Reached * piety under Makhleb
  4263 | Temple   | Reached ** piety under Makhleb
  4403 | D:5      | Found Zodeceri's Book Emporium.
  4494 | D:5      | Found Tempigh's Gadget Boutique.
  4505 | D:5      | Reached skill level 1 in Invocations
  4945 | D:6      | HP: 1/63 [orc priest/divine providence (16)]
  4946 | D:6      | Slain by an orc

Skill      XL: |  1  2  3  4  5  6  7  8 |
---------------+-------------------------+-----
Unarmed Combat | 4 5 6 7 8 10 11 | 11.8
Invocations    | 1 |  1.5
Fighting       | |  3.2
Dodging        | |  2.6
Stealth        | |  2.1

Action                   |  1- 3 |  4- 6 |  7- 9 || total
-------------------------+-------+-------+-------++-------
Melee: Unarmed           |    87 |   175 |   115 ||   377
       Punch             |       |       |     6 ||     6
  Use: Scroll            |       |       |    16 ||    16
 Stab: Sleeping          |       |     1 |       ||     1
  Eat: Chunk             |    18 |     8 |    10 ||    36
Armor: Ring mail         |    22 |    58 |    28 ||   108
       Leather armour    |     4 |       |       ||     4
Dodge: Dodged            |    48 |    86 |    52 ||   186
